 Dungeon Crawl Stone Soup version 0.30-a0-341-g682706514a (webtiles) character file.

Game seed: 15928984452337867663

172 geirmund the Trooper (level 5, -2/47 HPs)
             Began as a Hill Orc Monk on Dec 21, 2021.
             Slain by a gnoll bouda
             ... wielding a +0 whip
              (7 damage)
             ... on level 4 of the Dungeon on Nov 1, 2022.
             The game lasted 00:10:49 (2310 turns).

geirmund the Trooper (Hill Orc Monk)                Turns: 2310, Time: 00:10:50

Health: -2/47      AC: 13    Str: 14    XL:     5   Next: 52%
Magic:  5/5        EV: 11    Int: 10    God:
Gold:   103        SH:  0    Dex: 15    Spells: 4/4 levels left

rFire   . . .      SeeInvis .    e - +2 mace (protect)
rCold   + . .      Faith    .    (no shield)
rNeg    . . .      Spirit   .    k - +1 ring mail {rC+}
rPois   .          Reflect  .    (no helmet)
rElec   .          Harm     .    (no cloak)
rCorr   .          Rampage  .    (no gloves)
Will    .....                    (no boots)
Stlth   +.........               (no amulet)
HPRegen 0.27/turn                (no ring)
MPRegen 0.09/turn                (no ring)

@: weakened, under a protective aura
A: no striking features
a: no special abilities


You were on level 4 of the Dungeon.
You visited 1 branch of the dungeon, and saw 4 of its levels.

You collected 103 gold pieces.

Inventory:

Hand Weapons
 a - a +0 hand axe
 e - a +2 mace of protection (weapon)
Armour
 b - a +0 robe
 c - a +0 leather armour
 k - a +1 ring mail of cold resistance (worn)
Scrolls
 d - a scroll of teleportation {unknown}
 f - 5 scrolls of identify {unknown}
 g - 2 scrolls of torment {unknown}
 h - 2 scrolls of blinking {unknown}
 i - a scroll of noise {unknown}
Potions
 j - 2 potions of flight {unknown}
 l - 2 potions of degeneration {unknown}
 m - a potion of might {unknown}


   Skills:
 + Level 4.6 Fighting
 + Level 4.5(5.1) Axes
 + Level 2.5(3.5) Maces & Flails
 + Level 2.1 Armour
 + Level 3.0 Dodging
 + Level 1.9 Stealth


You had 4 spell levels left.
You didn't know any spells.
Your spell library contained the following spells:

 Spells                   Type           Power      Damage    Failure   Level
 Sting                    Tmut/Pois      0%         1d3       58%         1
 Ignite Poison            Fire/Tmut/Pois 0%         N/A       92%         3
 Mephitic Cloud           Conj/Pois/Air  0%         N/A       92%         3
 Eringya's Noxious Bog    Tmut/Pois      0%         N/A       100%        6


Dungeon Overview and Level Annotations

Branches:
Dungeon (4/15)
 Temple: D:4-7

Altars:
Ashenzari
Sif Muna

Shops:
D:3 (

Annotations:
D:2 Sigmund
D:3 Grinder


Message History

The gnoll bouda hits you with a +0 whip.
The gnoll hits you but does no damage.
You hit the gnoll but do no damage.
The gnoll is lightly wounded.
The gnoll bouda gazes fiercely through you!
You feel as though you will be weak longer.
The gnoll bouda barely misses you. The gnoll completely misses you.
You closely miss the gnoll.
The gnoll is lightly wounded.
The gnoll bouda hits you with a +0 whip!
The gnoll hits you but does no damage.
You hit the gnoll.
The gnoll is moderately wounded.
The gnoll bouda barely misses you. The gnoll hits you with a +0 flail.
You hit the gnoll.
The gnoll is moderately wounded.
The gnoll bouda hits you but does no damage.
The gnoll hits you with a +0 flail!
* * * LOW HITPOINT WARNING * * *
The gnoll bouda hits you with a +0 whip.
* * * LOW HITPOINT WARNING * * *
You hit the gnoll.
The gnoll is heavily wounded.
The gnoll closely misses you.
The gnoll bouda gazes fiercely through you!
You feel as though you will be weak longer.
The gnoll bouda hits you but does no damage.
The gnoll hits you with a +0 flail.
* * * LOW HITPOINT WARNING * * *
You hit the gnoll.
The gnoll is heavily wounded.
The gnoll bouda closely misses you. The gnoll barely misses you.
You closely miss the gnoll.
The gnoll is heavily wounded.
The gnoll bouda hits you but does no damage.
The gnoll closely misses you.
You hit the gnoll.
The gnoll is severely wounded.
The gnoll bouda hits you with a +0 whip!
You die...

########.# #.#
########.# #.#
#.....##.###.#######
+.....'...).........
#.....#############.
#.....###########
..........#.....#
PP..PPP.........###
..........#.....@g#
#############'###g#
#.#...# #.#...#
#.###.#####.##
#........g....
.....##...#####.
b.... #..## ... ...#


You could see a gnoll bouda and a gnoll (swift).

Vanquished Creatures
  A phantom (D:4)
  A hound (D:4)
  Terence (D:3)
  A gnoll (D:4)
  An orc (D:4)
  4 endoplasms
  5 giant cockroaches
  3 goblins
  4 hobgoblins
  2 kobolds
  A quokka (D:4)
  3 ball pythons
  3 frilled lizards
  2 rats (D:1)
32 creatures vanquished.

Vanquished Creatures (others)
  A fungus (D:4)
  4 plants (D:4)
5 creatures vanquished.

Grand Total: 37 creatures vanquished

Notes
Turn   | Place    | Note
-------+----------+-------------------------------------------
     0 | D:1      | geirmund the Hill Orc Monk began the quest for the Orb.
     0 | D:1      | Reached XP level 1. HP: 19/19 MP: 1/1
     0 | D:1      | Upgraded the game from 0.28-a0-1212-gc6b4282bc0 to
                  | 0.30-a0-341-g682706514a
   356 | D:1      | Reached XP level 2. HP: 27/27 MP: 2/2
   889 | D:2      | Noticed Sigmund
  1211 | D:3      | Found Suics's Weapon Emporium.
  1211 | D:3      | Noticed Terence
  1254 | D:3      | Killed Terence
  1255 | D:3      | Reached XP level 3. HP: 19/33 MP: 3/3
  1728 | D:3      | Got the Handbook of Poison
  1753 | D:3      | Noticed Grinder
  1782 | D:4      | Found a broken altar of Ashenzari.
  1963 | D:4      | Reached skill level 1 in Maces & Flails
  1963 | D:4      | Reached skill level 1 in Armour
  1963 | D:4      | Reached XP level 4. HP: 36/41 MP: 4/4
  2014 | D:4      | Found a shimmering blue altar of Sif Muna.
  2159 | D:4      | Noticed a phantom
  2195 | D:4      | Killed a phantom
  2196 | D:4      | Reached XP level 5. HP: 33/47 MP: 5/5
  2310 | D:4      | Slain by a gnoll bouda

Illustrated notes

Levels and vault maps discovered:
D:1:      dpeg_arrival_lava_altar, layout_basic
D:2:      layout_loops_corners, uniq_jessica, uniq_sigmund
D:3:      layout_loops_ring, zin_treasury, serial_shops, shop_statue,
          uniq_terence, uniq_natasha, uniq_grinder
D:4:      layout_basic, grunt_temple_overflow_diamond,
          mainiacjoe_overflow_concentric_impassable,
          mainiacjoe_overflow_boulevard, minmay_temple_entry_butterflies

Skill      XL: |  1  2  3  4 |
---------------+-------------+-----
Fighting       | 4 |  4.6
Maces & Flails | 1 2 |  2.5
Armour         | 1 2 |  2.1
Dodging        | 3 |  3.0
Axes           | |  4.5
Stealth        | |  1.9

Action                   |  1- 3 |  4- 6 || total
-------------------------+-------+-------++-------
Melee: Hand axe          |    10 |       ||    10
       Mace              |    79 |    88 ||   167
       Punch             |       |     2 ||     2
 Stab: Sleeping          |     1 |       ||     1
Armor: Leather armour    |    19 |       ||    19
       Ring mail         |    16 |    49 ||    65
Dodge: Dodged            |    74 |    53 ||   127

Table legend: (Time is in decaauts)
 A = Elapsed time spent in this place.
 B = Non-inter-level travel time spent in this place.
 C = Inter-level travel time spent in this place.
 D = Time resting spent in this place.
 E = Time spent auto-exploring this place.
 F = Levels seen in this place.
 G = Mean time per level.
                   A        B        C        D        E       F      G
               +--------+--------+--------+--------+--------+-----+--------+
         Total |   2355 |   2347 |      8 |    536 |    963 |   4 |  588.8 |
       Dungeon |   2355 |   2347 |      8 |    536 |    963 |   4 |  588.8 |
               +--------+--------+--------+--------+--------+-----+--------+

Top non-repeatable levels by time:
     D:1: 707 daAuts
     D:3: 663 daAuts
     D:4: 555 daAuts
     D:2: 428 daAuts
